 Dungeon Crawl Stone Soup version 0.31-a0-986-g5e6e4ef867 (webtiles) character file.

Game seed: 8787426627476358094

1383 Xavori the Trooper (level 8, -6/59 HPs)
             Began as a Djinni Chaos Knight on Nov 8, 2023.
             Was a Plaything of Xom.
             Mangled by a wight
             ... wielding a +2 battleaxe
              (11 damage)
             ... on level 5 of the Dungeon.
             The game lasted 00:07:21 (7523 turns).

Xavori the Trooper (Djinni Chaos Knight)            Turns: 7523, Time: 00:07:22

Health: -6/59      AC:  7    Str: 12    XL:     8   Next: 99%
Gold:   594        EV: 15    Int: 15    God:    Xom [.*....] SH:  0 Dex: 21

rFire   + + .        a - +0 falchion (chaos)
rCold   . . .        (no shield)
rNeg    . . .        b - +2 leather armour
rPois   ∞            (helmet restricted)
rElec   .            (no cloak)
rCorr   .            (no gloves)
SInv    +            (boots unavailable)
Will    +....        (no amulet)
Stlth   ++           j - ring of protection from cold
HPRegen 0.29/turn    (no ring)
MPRegen 0.00/turn

%: infuse magic (-7 HP)
@: flying
A: sickness immunity, fire resistance 2, cold vulnerability 1, float, innate
caster, HP casting, extra vitality 1, antennae 1, iridescent scales 1, see
invisible, agile 2, clever 1, strong-willed 1, strong 1, teleportitis 1, noise
suppression
a: Renounce Religion


You were on level 5 of the Dungeon.
You worshipped Xom.
You were a plaything of Xom.
You visited 1 branch of the dungeon, and saw 6 of its levels.
You also visited: Ossuary.

You collected 684 gold pieces.
You spent 90 gold pieces at shops.

Inventory:

Hand Weapons
 a - a +0 falchion of chaos (weapon)
Missiles
 u - 3 poisoned darts (quivered)
Armour
 b - a +2 leather armour (worn)
 q - a +0 helmet
Jewellery
 j - a ring of protection from cold (left hand)
Wands
 r - a wand of charming (9)
 t - a wand of mindburst (6)
Scrolls
 c - a scroll of butterflies
 f - a scroll of identify {unknown}
 g - 2 scrolls of teleportation
 l - 4 scrolls of vulnerability {unknown}
 m - a scroll of revelation {unknown}
 s - a scroll of poison {unknown}
 v - a scroll of torment {unknown}
 w - a scroll of enchant armour {unknown}
 y - a scroll of fog {unknown}
Potions
 d - 2 potions of degeneration {unknown}
 e - 2 potions of mutation {unknown}
 i - a potion of haste {unknown}
 k - a potion of lignification {unknown}
 n - a potion of magic {unknown}
 o - a potion of attraction {unknown}
 p - 2 potions of brilliance {unknown}
 x - 2 potions of might {unknown}


   Skills:
 + Level 5.2 Fighting
 + Level 4.8 Long Blades
 + Level 4.3 Armour
 + Level 5.2 Dodging
 * Level 3.7 Spellcasting
 * Level 3.7 Conjurations
 * Level 3.7 Hexes
   Level 0.0 Charms
 * Level 3.7 Summonings
 * Level 3.7 Necromancy
 * Level 3.7 Translocations
 * Level 3.7 Transmutations
 * Level 3.7 Fire Magic
 * Level 3.7 Ice Magic
 * Level 3.7 Air Magic
 * Level 3.7 Earth Magic
 * Level 3.7 Poison Magic


You knew the following spells:

 Your Spells              Type           Power      Damage    Failure   Level
a - Sting                 Tmut/Pois      56%        1d5       4%          1
b - Blink                 Tloc           28%        N/A       8%          2
c - Call Canine Familiar  Summ           14%        N/A       16%         3
Your spell library was empty.

Dungeon Overview and Level Annotations

Branches:
Dungeon (6/15)             Temple (0/1) D:5         Ossuary (visited)

Altars:
Elyvilon
Okawaru
Xom
Zin
The Shining One

Shops:
D:2 ?   D:5 [


Innate Abilities, Weirdness & Mutations

You are immune to sickness and miasma.
You are immune to poison.
Your flesh is very heat resistant. (rF++)
You are vulnerable to cold. (rC-)
You float through the air rather than walking.
You learn spells naturally, not from books.
Your magical power is your life essence.
You have superior vitality. (+4 MHP)
You have a pair of small antennae on your head.
You are partially covered in iridescent scales. (AC +2)
You have supernaturally acute eyesight. (SInv)
You are very agile. (Dex +8, Str/Int -2)
Your mind is acute. (Int +4, Str/Dex -1)
You are strong-willed. (Will+)
Your muscles are strong. (Str +4, Int/Dex -1)
You are occasionally teleported next to monsters.
You passively dampen the noise of your surroundings.


Message History

r - Retreat! s - Stop attacking. g - Guard the area. f - Follow me.
Anything else - Cancel.
Retreat in which direction?
Press: ? - help, Dir - move target, p - wight Fall back!
Items here: )) [[.
You start resting.
The wight is no longer charmed.
The wight misses you.
You hit the wight.
The wight is lightly damaged.
The wight closely misses you.
You hit the wight but do no damage.
The wight is lightly damaged.
The wight hits you with a +2 battleaxe!
* * * LOW HITPOINT WARNING * * *
You closely miss the wight.
The wight is lightly damaged.
The wight closely misses you.
You completely miss the wight.
The wight is lightly damaged.
The wight completely misses you.
You closely miss the wight.
The wight is lightly damaged.
The wight barely misses you.
You hit the wight.
The wight is heavily damaged.
The wight closely misses you.
You hit the wight but do no damage.
The wight suddenly seems more resistant.
The wight is heavily damaged.
The wight hits you with a +2 battleaxe!
* * * LOW HITPOINT WARNING * * *
You hit the wight.
The wight convulses.
The wight is almost destroyed.
The wight barely misses you.
You closely miss the wight.
The wight is almost destroyed.
The wight hits you with a +2 battleaxe!
You die...

##.. #..# #.#. #.#.
#.#. #... ##### ##..
####### ###...# #.⌠
......# #####.z@#.#
#..
...>..####.....###.#
#.. z......[...#####
#.## #..
......###### #..#
##.. ......# ##.#
##..# ..#...# #.#
#####..## ..#...#
#.#####...).##
.#).#.#
#..##...##### #
#...#.# ###
##.##...## #


You could see a wight (resistant).

Vanquished Creatures
  2 black bears (D:4)
  An ogre (D:5)
  2 centaurs
  2 phantoms (D:5)
  2 scorpions
  3 wights
  A centaur zombie (Ossuary)
  2 hounds (D:5)
  A sleepcap (D:5)
  An iguana (D:5)
  An orc wizard (D:4)
  2 mummies (Ossuary)
  7 adders
  A shadow imp (D:5)
  A nameless horror (D:5)
  4 ufetubi
  2 dart slugs
  6 orcs
  11 endoplasms
  A giant cockroach (D:1)
  5 gnoll zombies (Ossuary)
  16 goblins
  9 hobgoblins
  14 jackals
  4 kobolds
  9 quokkas
  6 ball pythons
  5 bats
  2 frilled lizards (D:2)
  4 goblin zombies (Ossuary)
  A hobgoblin zombie (Ossuary)
  5 rats
133 creatures vanquished.

Vanquished Creatures (collateral kills)
  A centaur (D:4)
  Ijyb (D:3)
  Robin (D:4)
  An adder (D:4)
  An orc (D:4)
  A quokka (D:4)
  A frilled lizard (D:3)
  2 goblin zombies (Ossuary)
9 creatures vanquished.

Vanquished Creatures (others)
  A goblin zombie (Ossuary)
1 creature vanquished.

Grand Total: 143 creatures vanquished

Notes
Turn   | Place    | Note
-------+----------+-------------------------------------------
     0 | D:1      | Xavori the Djinni Chaos Knight began the quest for the Orb.
     0 | D:1      | Reached XP level 1. HP: 20/20 MP: 0/0
    33 | D:1      | Reached XP level 2. HP: 22/25 MP: 0/0
   128 | D:1      | XOM: silly message
   361 | D:1      | Reached XP level 3. HP: 4/30 MP: 0/0
   361 | D:1      | Learned a level 1 spell: Sting
   778 | D:1      | XOM: silly message
   841 | D:2      | Found a faded altar of an unknown god.
  2118 | D:1      | XOM: scenery: create altars
  2232 | D:1      | XOM: give mutations
  2232 | D:1      | Gained mutation: You passively dampen the noise of your
                  | surroundings. [Xom's grace]
  2232 | D:1      | Gained mutation: You are agile. (Dex +4, Str/Int -1) [Xom's
                  | grace]
  2232 | D:1      | Gained mutation: Your mind is acute. (Int +4, Str/Dex -1)
                  | [Xom's grace]
  2232 | D:1      | Gained mutation: You have a beak for a mouth. [Xom's grace]
  3046 | D:2      | XOM: silly message
  3126 | D:2      | Reached skill level 1 in Spellcasting
  3126 | D:2      | Reached skill level 1 in Conjurations
  3126 | D:2      | Reached skill level 1 in Hexes
  3126 | D:2      | Reached skill level 1 in Summonings
  3126 | D:2      | Reached skill level 1 in Necromancy
  3126 | D:2      | Reached skill level 1 in Translocations
  3126 | D:2      | Reached skill level 1 in Transmutations
  3126 | D:2      | Reached skill level 1 in Fire Magic
  3126 | D:2      | Reached skill level 1 in Ice Magic
  3126 | D:2      | Reached skill level 1 in Air Magic
  3126 | D:2      | Reached skill level 1 in Earth Magic
  3126 | D:2      | Reached skill level 1 in Poison Magic
  3128 | D:2      | XOM: 4-stop teleportation journey
  3313 | D:2      | Reached XP level 4. HP: 35/35 MP: 0/0
  3392 | D:2      | Found an iron altar of Okawaru.
  3511 | D:2      | Found Ryseoca's Magic Scroll Boutique.
  3518 | D:2      | Bought a scroll of blinking for 90 gold pieces
  3875 | D:3      | Identified the of Otial
  4084 | D:3      | XOM: noise
  4085 | D:3      | Noticed Ijyb
  4088 | D:3      | XOM: destruction
  4101 | D:3      | XOM: summons friendly ufetubus
  4106 | D:3      | XOM: smoke on damage
  4117 | D:3      | Killed Ijyb
  4389 | D:3      | Found a glowing silver altar of Zin.
  4392 | D:3      | Found a white marble altar of Elyvilon.
  4392 | D:3      | Found a glowing golden altar of the Shining One.
  4398 | D:3      | XOM: give mutations
  4398 | D:3      | Gained mutation: You possess an exceptional clarity of
                  | mind. [Xom's grace]
  4398 | D:3      | Gained mutation: You have supernaturally acute eyesight.
                  | (SInv) [Xom's grace]
  4398 | D:3      | Gained mutation: You are very agile. (Dex +8, Str/Int -2)
                  | [Xom's grace]
  4398 | D:3      | Gained mutation: You are partially covered in iridescent
                  | scales. (AC +2) [Xom's grace]
  4514 | D:3      | Reached XP level 5. HP: 40/40 MP: 0/0
  4514 | D:3      | Learned a level 2 spell: Blink
  4667 | D:3      | XOM: give mutations
  4667 | D:3      | Gained mutation: You are occasionally teleported next to
                  | monsters. [Xom's mischief]
  4667 | D:3      | Lost mutation: You have a beak for a mouth. [Xom's
                  | mischief]
  4667 | D:3      | Lost mutation: You possess an exceptional clarity of mind.
                  | [Xom's mischief]
  4936 | D:4      | Noticed Robin
  4953 | D:4      | Reached XP level 6. HP: 38/47 MP: 0/0
  4998 | D:4      | XOM: confuse monster(s)
  5056 | D:4      | Found a sand-covered staircase.
  5065 | Ossuary  | Entered an ossuary
  5207 | Ossuary  | XOM: enchant monster (good)
  5216 | Ossuary  | XOM: confuse monster(s)
  5545 | D:4      | XOM: summons friendly shadow imp
  5582 | D:4      | XOM: give mutations
  5582 | D:4      | Gained mutation: You are strong-willed. (Will+) [Xom's
                  | grace]
  5582 | D:4      | Gained mutation: Your muscles are strong. (Str +4, Int/Dex
                  | -1) [Xom's grace]
  5582 | D:4      | Gained mutation: You have a pair of small antennae on your
                  | head. [Xom's grace]
  5681 | D:4      | XOM: summons 6 friendly demons
  5687 | D:4      | Reached XP level 7. HP: 19/52 MP: 0/0
  5687 | D:4      | Learned a level 3 spell: Call Canine Familiar
  5698 | D:4      | Killed Robin
  5972 | D:4      | XOM: cleaving
  5983 | D:4      | XOM: smoke on damage
  5995 | D:5      | Entered Level 5 of the Dungeon
  6171 | D:5      | Found Efam's Antique Armour Emporium.
  6191 | D:5      | XOM: divination: detect creatures
  6441 | D:4      | XOM: cloud trail
  6585 | D:4      | Reached XP level 8. HP: 44/58 MP: 0/0
  6787 | D:5      | XOM: butterfly on damage
  7012 | D:5      | Reached skill level 5 in Fighting
  7058 | D:5      | Found a staircase to the Ecumenical Temple.
  7077 | D:5      | XOM: snakes to sticks
  7313 | D:5      | Reached skill level 5 in Dodging
  7460 | D:6      | Noticed an unseen horror
  7470 | D:5      | HP: 2/59 [wight/+2 battleaxe (11)]
  7523 | D:5      | Mangled by a wight

Illustrated notes

Levels and vault maps discovered:
D:1:      dpeg_arrival_renting, layout_basic
D:2:      layout_basic, nicolae_ecumenical_oubliette, serial_shops, shop,
          basic_altar
D:3:      layout_loops_corners, dreamdust_divine_triumvirate, uniq_ijyb
D:4:      black_bear_nest_2, layout_cave_pools,
          lightli_ossuary_entry_decrepit_ruins, nzn_random_ring, uniq_robin
D:5:      layout_rooms, temple_fountains, serial_shops, nicolae_diamond_shop,
          minmay_misc_feat_five, minivault_19, minmay_misc_feat_chi
D:6:      lemuel_castle_with_subvaults [lemuel_castle_interior_carwin_2],
          layout_cave_pools, nzn_wu_jian_council_hall,
          grunt_temple_overflow_open, uniq_sigmund, uniq_prince_ribbit1

Skill      XL: |  1  2  3  4  5  6  7  8 |
---------------+-------------------------+-----
Long Blades    | 3 4 |  4.8
Spellcasting   | 1 2 3 |  3.7
Conjurations   | 1 2 3 |  3.7
Hexes          | 1 2 3 |  3.7
Summonings     | 1 2 3 |  3.7
Necromancy     | 1 2 3 |  3.7
Translocations | 1 2 3 |  3.7
Transmutations | 1 2 3 |  3.7
Fire Magic     | 1 2 3 |  3.7
Ice Magic      | 1 2 3 |  3.7
Air Magic      | 1 2 3 |  3.7
Earth Magic    | 1 2 3 |  3.7
Poison Magic   | 1 2 3 |  3.7
Armour         | 2 3 4 |  4.3
Dodging        | 3 4 5 |  5.2
Fighting       | 4 5 |  5.2

Action                     |  1- 3 |  4- 6 |  7- 9 || total
---------------------------+-------+-------+-------++-------
  Melee: Falchion          |    82 |   241 |   155 ||   478
         Peck              |     1 |    10 |       ||    11
         Punch             |     1 |     2 |     3 ||     6
  Evoke: Wand              |       |     1 |     1 ||     2
    Use: Scroll            |       |     1 |     1 ||     2
         Potion            |       |     1 |     2 ||     3
   Stab: Sleeping          |       |     3 |       ||     3
         Distracted        |       |     2 |     1 ||     3
         Confused          |       |     6 |       ||     6
         Paralysed         |       |     1 |       ||     1
         Petrifying        |       |       |     1 ||     1
 Armour: Leather armour    |    51 |   190 |   139 ||   380
  Dodge: Dodged            |    53 |   201 |   139 ||   393

Table legend: (Time is in decaauts)
 A = Elapsed time spent in this place.
 B = Non-inter-level travel time spent in this place.
 C = Inter-level travel time spent in this place.
 D = Time resting spent in this place.
 E = Time spent auto-exploring this place.
 F = Levels seen in this place.
 G = Mean time per level.
                   A        B        C        D        E       F      G
               +--------+--------+--------+--------+--------+-----+--------+
         Total |   7582 |   7418 |    164 |   2690 |   3525 |   7 | 1083.1 |
       Dungeon |   7220 |   7056 |    164 |   2629 |   3336 |   6 | 1203.3 |
       Ossuary |    361 |    361 |      0 |     61 |    189 |   1 |  361.0 |
               +--------+--------+--------+--------+--------+-----+--------+

Top non-repeatable levels by time:
     D:1: 2975 daAuts
     D:4: 1242 daAuts
     D:3: 1021 daAuts
     D:5: 995 daAuts
     D:2: 915 daAuts
 Ossuary: 361 daAuts
     D:6: 69 daAuts
